 Dungeon Crawl Stone Soup version 0.26-a0-1060-g086102a3f0 (webtiles) character file.

Game seed: 15898242529818665800

383613 HoaS the Hoplite (level 22, -3/142 HPs)
             Began as a Gargoyle Fighter on Dec 9, 2020.
             Was the Champion of Makhleb.
             Killed from afar by a frost giant (53 damage)
             ... with a bolt of cold
             ... on level 1 of the Depths on Dec 13, 2020.
             The game lasted 02:07:34 (38012 turns).

HoaS the Hoplite (Gargoyle Fighter)                Turns: 38012, Time: 02:07:34

Health: -3/142     AC: 44    Str: 43    XL:     22   Next: 94%
Magic:  22/22      EV: 20    Int:  8    God:    Makhleb [******]
Gold:   3742       SH: 34    Dex: 13    Spells: 21/21 levels left

rFire    + . .     SeeInvis .   M - +6 eveningstar (vorpal)
rCold    . . .     Faith    .   F - +0 tower shield
rNeg     + + .     Spirit   .   O - +1 pearl dragon scales
rPois    ∞         Reflect  +   z - +0 helmet "Tod Wirgh" {+Fly Will+ Regen+ Str-2}
rElec    +         Harm     .   W - +0 cloak {Stlth+}
rCorr    .         Rampage  +   x - +1 pair of gloves {Str+3}
Will     ++...                  E - +2 pair of boots {rampage}
Stlth    ..........             a - amulet of reflection
HPRegen  0.73/turn              V - ring "Kodd" {rF+ Str+9 Stlth-}
MPRegen  0.18/turn              s - +6 ring of strength

@: flying
A: big wings, negative energy resistance 1, electricity resistance, unbreathing,
petrification resistance, rot immunity, AC +16
}: 2/15 runes: decaying, gossamer
a: Stop Flying, Minor Destruction, Lesser Servant of Makhleb, Major Destruction,
Greater Servant of Makhleb, Renounce Religion


You were on level 1 of the Depths.
You worshipped Makhleb.
Makhleb was exalted by your worship.
You visited 8 branches of the dungeon, and saw 37 of its levels.
You also visited: Ossuary, Gauntlet, Ice Cave, Volcano and Desolation.

You collected 5144 gold pieces.
You spent 1402 gold pieces at shops.

Inventory:

Hand Weapons
 w - a +9 demon whip of flaming
 M - a +6 vorpal eveningstar (weapon)
Armour
 x - a +1 pair of gloves of strength (worn)
 z - the +0 helmet "Tod Wirgh" (worn) {+Fly Will+ Regen+ Str-2}
   (You found it in the Desolation of Salt)

   It affects your strength (-2).
   It affects your willpower, your defense against some magical effects.
   It lets you fly.
   It increases your rate of regeneration.
 E - a +2 pair of boots of rampaging (worn)
 F - a +0 tower shield (worn)
 O - +1 pearl dragon scales (worn)
 W - a +0 cloak of stealth (worn)
Jewellery
 a - an amulet of reflection (around neck)
 p - a +4 ring of protection
 q - an uncursed ring of resist corrosion
 s - a +6 ring of strength (right hand)
 v - an uncursed ring of protection from fire
 y - an uncursed ring of willpower
 B - the ring "Yhiubrul" {rF+ Stlth+}
   (You found it in the Desolation of Salt)

   [ring of protection from fire]

   It protects you from fire.
   It makes you more stealthy.
 I - an uncursed ring of protection from cold
 L - an uncursed ring of ice
 R - an uncursed ring of see invisible
 V - the ring "Kodd" (left hand) {rF+ Str+9 Stlth-}
   (You found it on level 14 of the Dungeon)

   [ring of protection from fire]

   It affects your strength (+9).
   It protects you from fire.
   It makes you less stealthy.
Wands
 c - a wand of acid (20) (quivered)
 T - a wand of digging (7)
Scrolls
 b - 29 scrolls of teleportation
 f - 9 scrolls of magic mapping
 g - 18 scrolls of remove curse
 n - a scroll of fog
 o - 24 scrolls of identify
 r - 9 scrolls of fear
 C - 2 scrolls of summoning
 G - 7 scrolls of blinking
Potions
 d - 4 potions of might
 e - 8 potions of heal wounds
 h - 3 potions of attraction
 i - 4 potions of haste
 j - 6 potions of ambrosia
 k - 11 potions of lignification
 l - 2 potions of resistance
 m - 5 potions of curing
 t - a potion of cancellation
 u - 2 potions of invisibility
 A - 4 potions of mutation
 J - 2 potions of berserk rage


   Skills:
 - Level 16.0 Fighting
 - Level 16.0 Maces & Flails
 - Level 16.0 Armour
 + Level 15.1 Dodging
 - Level 25.0 Shields


You had 21 spell levels left.
You didn't know any spells.
Your spell library contained the following spells:

 Spells                   Type           Power        Failure   Level
 Animate Skeleton         Necr           #.....       54%         1
 Apportation              Tloc           #.....       54%         1
 Beastly Appendage        Tmut           #.....       54%         1
 Corona                   Hex            #......      54%         1
 Foxfire                  Conj/Fire      #...         54%         1
 Freeze                   Ice            #...         54%         1
 Magic Dart               Conj           #...         54%         1
 Sandblast                Erth           #.....       54%         1
 Shock                    Conj/Air       #...         54%         1
 Sting                    Tmut/Pois      #...         54%         1
 Summon Small Mammal      Summ           #...         54%         1
 Blink                    Tloc           N/A          69%         2
 Call Imp                 Summ           #.......     69%         2
 Ensorcelled Hibernation  Hex/Ice        #.....       69%         2
 Passwall                 Tmut/Erth      #.......     69%         2
 Poisonous Vapours        Pois/Air       #.....       69%         2
 Searing Ray              Conj           #.....       69%         2
 Slow                     Hex            #.......     69%         2
 Wereblood                Tmut           #.......     69%         2
 Confusing Touch          Hex            #.......     89%         3
 Conjure Flame            Conj/Fire      #.......     89%         3
 Dazzling Flash           Conj/Hex       #.....       89%         3
 Frozen Ramparts          Ice            #.....       89%         3
 Gell's Gravitas          Tloc           #.........   89%         3
 Ignite Poison            Fire/Tmut/Pois #.......     89%         3
 Inner Flame              Hex/Fire       #.......     89%         3
 Lesser Beckoning         Tloc           #.........   89%         3
 Mephitic Cloud           Conj/Pois/Air  #.......     89%         3
 Ozocubu's Armour         Ice            #.......     89%         3
 Portal Projectile        Hex/Tloc       #.....       89%         3
 Spider Form              Tmut/Pois      #.........   89%         3
 Stone Arrow              Conj/Erth      #.....       89%         3
 Tukima's Dance           Hex            #.......     89%         3
 Airstrike                Air            #.........   100%        4
 Cause Fear               Hex            #.........   100%        4
 Fulminant Prism          Conj/Hex       #.........   100%        4
 Hailstorm                Conj/Ice       #.......     100%        4
 Ice Form                 Ice/Tmut       #.......     100%        4
 Iskenderun's Mystic Bla  Conj/Tloc      #.......     100%        4
 Leda's Liquefaction      Hex/Erth       #.........   100%        4
 Olgreb's Toxic Radiance  Pois           #.......     100%        4
 Petrify                  Tmut/Erth      #.......     100%        4
 Sticky Flame             Conj/Fire      #.......     100%        4
 Summon Ice Beast         Ice/Summ       #.......     100%        4
 Alistair's Intoxication  Tmut/Pois      #........    100%        5
 Blade Hands              Tmut           #.........   100%        5
 Borgnjor's Vile Clutch   Necr/Erth      #.........   100%        5
 Fireball                 Conj/Fire      #.........   100%        5
 Irradiate                Conj/Tmut      #.........   100%        5
 Iskenderun's Battlesphe  Conj           #.......     100%        5
 Lee's Rapid Deconstruct  Erth           #.........   100%        5
 Metabolic Englaciation   Hex/Ice        #.........   100%        5
 Summon Mana Viper        Hex/Summ       #.......     100%        5
 Yara's Violent Unravell  Hex/Tmut       #.........   100%        5
 Conjure Ball Lightning   Conj/Air       #.........   100%        6
 Dispersal                Tloc           #.........   100%        6
 Eringya's Noxious Bog    Tmut/Pois      #.........   100%        6
 Freezing Cloud           Conj/Ice/Air   #.........   100%        6
 Invisibility             Hex            #.......     100%        6
 Iron Shot                Conj/Erth      #.........   100%        6
 Orb of Destruction       Conj           #.........   100%        7
 Spellforged Servitor     Conj/Summ      #.........   100%        7
 Disjunction              Tloc           #.........   100%        8
 Ignition                 Fire           #.........   100%        8
 Shatter                  Erth           #.........   100%        9
 Sublimation of Blood     Necr           Unusable     N/A         2

Dungeon Overview and Level Annotations

Branches:
Dungeon (15/15)            Temple (1/1) D:5            Lair (6/6) D:10
  Swamp (4/4) Lair:3       Spider (4/4) Lair:3        Slime (0/5) Lair:5
    Orc (2/2) D:11            Elf (0/3) Orc:2        Vaults (4/5) D:14
  Crypt (0/3) Vaults:3     Depths (1/5) D:15        Ossuary (visited)
  IceCv (visited)         Volcano (visited)         Desolation (visited)
Gauntlet (visited)

Altars:
Ashenzari
Cheibriados
Dithmenos
Elyvilon
Fedhas
Gozag
Hepliaklqana
Kikubaaqudgha
Makhleb
Nemelex Xobeh
Okawaru
Qazlal
Ru
Sif Muna
Trog
Uskayaw
Vehumet
Wu Jian
Xom
Yredelemnul
Zin
The Shining One

Shops:
D:14 :   Orc:2 =*!?   Vaults:1 *   Vaults:3 =

Portals:
Hell: Depths:1
Abyss: Orc:1
Ziggurat: Depths:1

Annotations:
Vaults:4 36 runed doors


Innate Abilities, Weirdness & Mutations

You are resistant to torment.
Your stone body is resilient. (AC +16)
You are immune to poison.
Your large and strong wings let you fly indefinitely.
You resist negative energy. (rN+)
You are resistant to electric shocks. (rElec)
You can survive without breathing.
You are immune to petrification.
You are immune to rotting.


Message History

You feel better.
The frost giant dissolves into shadows!
The tengu warrior dissolves into shadows!
The tengu conjurer dissolves into shadows!
The large slime creature dissolves into shadows!
The slime creature dissolves into shadows! x2
You hit the frost giant but do no damage.
You block the fire giant's attack.
You hit the frost giant but do no damage.
The frost giant points at you and mumbles some strange words.
The bolt of cold misses you.
You hit the frost giant.
The frost giant is lightly wounded.
The frost giant gestures at you while chanting.
The bolt of cold hits you but does no damage.
You block the fire giant's attack.
You impale the frost giant!!
The frost giant is moderately wounded.
The frost giant casts a spell at you. The bolt of cold hits you!!!
You die...

#(..# #######...#
########.........#
#................#
#................#
#............#...#
#............#...#
#...........##...#
#.....C@....##...#
./.....C....# ...#
............#
............#
............#
............#
.#.########## ..


You could see a frost giant and a fire giant.

Vanquished Creatures
  Mennas (Vaults:2)
  An ancient lich (Vaults:4)
  Boris (Vaults:2)
  the Lernaean hydra (Swamp:4)
  Nikola (Spider:1)
  A lich (Vaults:4)
  Rupert (D:15)
  Asterion (Vaults:3)
  Gastronok (D:10)
  A sphinx (Vaults:4)
  2 thorn hunters
  An ancient champion (Vaults:3)
  The ghost of Dirphotyiz the Spear-Bearer, a journeyman DrIE of Gozag (Spider:4)
  A fenstrider witch (Swamp:2)
  A deep elf sorcerer (Vaults:4)
  Donald (Swamp:1)
  2 tengu reavers
  11 vault wardens
  3 frost giants
  A fire giant (Vaults:2)
  An imperial myrmidon (Desolation)
  4 ghost moths
  2 orc warlords
  7 emperor scorpions
  15 stone giants
  5 very ugly things
  16 ironheart preservers
  A war gargoyle (Vaults:3)
  Nessos (D:14)
  A spark wasp (Spider:4)
  2 halazid warlocks (Desolation)
  4 deep elf annihilators
  4 bunyips
  2 entropy weavers
  A minotaur (Gauntlet)
  Snorg (D:11)
  A dire elephant (Lair:6)
  3 ettins
  The ghost of Noergh the Severer, a journeyman DsGl of Makhleb (Orc:1)
  An eidolon (Vaults:3)
  4 eleionomae
  3 crystal guardians
  A deep elf death mage (Vaults:1)
  2 fire dragons
  Josephine (D:11)
  2 ragged hierophants (Desolation)
  3 great orbs of eyes
  10 yaktaur captains
  6 servants of whispers (Desolation)
  11 peacekeepers
  4 ice dragons
  Harold (D:11)
  The ghost of MoonlitKnight the Spear-Bearer, a journeyman MfGl of Fedhas (D:10)
  Fannar (D:10)
  6 rakshasas
  8 boulder beetles
  2 ghost crabs
  10 vault guards
  8 alligators
  40 two-headed ogres
  A merfolk avatar (Lair:6)
  A death knight (Vaults:4)
  19 hydras
  16 centaur warriors
  9 ogre magi
  A dancing weapon (Spider:4)
  2 deep troll shamans
  A deep troll earth mage (Vaults:2)
  A thrashing horror (Orc:1)
  6 death yaks (Lair:5)
  2 hell knights
  An iron troll (Depths:1)
  Sonja (Orc:1)
  9 deep elf knights
  5 skeletal warriors
  A fire crab (Lair:6)
  2 sea snakes
  7 deep elf archers
  A goliath frog (Swamp:1)
  3 unseen horrors
  4 glowing orange brains
  7 wizards
  4 spriggan druids
  An orange crystal statue (Depths:1)
  10 swamp dragons
  7 harpies
  10 bog bodies
  8 deep trolls
  A phantasmal warrior (Vaults:4)
  Pikel (D:7)
  4 necromancers
  22 ironbrand convokers
  13 orb spiders
  A shadow dragon zombie (Vaults:4)
  A shadow dragon skeleton (Vaults:4)
  41 ugly things
  17 orc knights
  A stone giant zombie (Depths:1)
  27 slime creatures
  4 oklob plants
  2 orc sorcerers (Vaults:2)
  4 will-o-the-wisps
  25 wolf spiders
  6 cyclopes
  4 manticores
  22 deep elf magi
  Maurice (D:12)
  6 elephants (Lair:6)
  A fire giant skeleton (Depths:1)
  2 moths of wrath
  3 guardian serpents (Desolation)
  17 vault sentinels
  2 black mambas (shapeshifter)
  Joseph (D:7)
  2 torpor snails
  Psyche (D:12)
  2 black mambas
  A molten gargoyle (Desolation)
  A gargoyle (D:12)
  7 ice statues
  36 yaktaurs
  13 komodo dragons
  14 cane toads
  Maggie (D:5)
  A golden dragon simulacrum (IceCv)
  2 centaur skeletons (D:13)
  4 rime drakes
  12 freezing wraiths
  A komodo dragon (shapeshifter) (D:15)
  12 demonic crawlers
  A troll (shapeshifter) (Vaults:1)
  22 jumping spiders
  A jumping spider (shapeshifter) (Vaults:2)
  A polar bear (shapeshifter) (Vaults:3)
  A polar bear (Lair:6)
  2 wind drakes (Lair:6)
  A hydra zombie (Swamp:4)
  17 hornets
  6 trolls
  A slime creature (shapeshifter) (Gauntlet)
  2 human simulacra
  2 raiju (Orc:1)
  A blink frog (shapeshifter) (Vaults:2)
  13 blink frogs
  12 tyrant leeches
  55 saltlings
  An alligator zombie (Swamp:4)
  3 tarantellas (shapeshifter)
  A redback (shapeshifter) (Vaults:1)
  53 redbacks
  3 shadows
  A fire giant simulacrum (Vaults:3)
  10 spriggans
  A fire elemental (Lair:2)
  An orc simulacrum (Vaults:2)
  A yak (shapeshifter) (Vaults:2)
  21 tarantellas
  8 wyverns
  8 wraiths
  A fire dragon skeleton (Depths:1)
  A dire elephant simulacrum (IceCv)
  55 yaks
  Eustachio (D:5)
  A golden eye (shapeshifter) (D:15)
  A steam dragon (D:14)
  2 basilisks
  5 vampire mosquitoes
  An iron troll simulacrum (IceCv)
  3 harpy simulacra (IceCv)
  19 swamp worms
  2 hydra simulacra (IceCv)
  6 acid dragons
  16 water moccasins
  6 wargs
  Duvessa (D:7)
  A floating eye (shapeshifter) (D:15)
  49 orc warriors
  An eye of draining (D:13)
  2 large abominations (Orc:1)
  4 sky beasts
  11 swamp drakes
  11 ice beasts
  An ettin simulacrum (IceCv)
  2 swamp dragon zombies (Swamp:4)
  5 black bears
  A necrophage (D:10)
  2 phantoms
  An eye of draining (shapeshifter) (D:15)
  24 ogres
  4 wolves (Lair:5)
  25 centaurs
  4 boggarts (Vaults:1)
  5 big kobolds
  An elf zombie (D:8)
  2 elf skeletons (D:8)
  20 bullfrogs
  Dowan (D:7)
  A wyvern zombie (D:10)
  A wyvern skeleton (D:11)
  A yaktaur skeleton (Depths:1)
  A water moccasin zombie (Swamp:4)
  3 scorpions
  8 killer bees
  13 wights
  5 howler monkeys
  4 electric eels
  A crimson imp (D:8)
  2 centaur zombies
  A quasit (D:11)
  7 hounds
  15 jellies
  2 bullfrog zombies
  16 orc priests
  6 bullfrog skeletons
  2 human skeletons (D:8)
  7 iguanas
  21 orc wizards
  Ijyb (D:5)
  11 worker ants
  14 hell rats
  Terence (D:3)
  2 hound zombies (Ossuary)
  A hound skeleton (D:4)
  5 mummies
  Robin (D:4)
  16 adders
  4 gnolls
  9 river rats (Lair:2)
  A swamp drake zombie (Swamp:4)
  2 howler monkey skeletons
  3 shadow imps
  2 white imps
  An ufetubus (D:6)
  An ooze (Lair:5)
  An adder skeleton (D:10)
  3 dart slugs
  3 worms
  4 leopard geckos
  89 orcs
  2 ball pythons
  A bat (shapeshifter) (D:15)
  4 giant cockroaches
  11 goblins
  7 hobgoblins
  10 jackals
  10 quokkas
  5 bats
  5 frilled lizards
  A gnoll zombie (Ossuary)
  2 goblin zombies (Ossuary)
  3 hobgoblin zombies
  A jackal zombie (Ossuary)
  15 kobolds
  3 kobold zombies (D:6)
  2 leopard gecko skeletons
  An orc skeleton (D:8)
  3 orc zombies (Ossuary)
  25 rats
  A rat zombie (Ossuary)
  2 briar patches (D:14)
1664 creatures vanquished.

Vanquished Creatures (others)
  2 ghost moths (Spider:4)
  A rakshasa (D:15)
  A shadow wraith (Vaults:1)
  An orb spider (Spider:4)
  A jumping spider (Spider:4)
  A bloated husk (Swamp:3)
  2 redbacks (Spider:1)
  An acid dragon (shapeshifter) (Vaults:4)
  An orc warrior (Vaults:3)
  A sky beast (D:7)
  A boggart (Vaults:3)
  3 orc wizards
  A kobold (D:14)
  A fire vortex (Lair:2)
  14 foxfires
  26 fungi
  65 plants
123 creatures vanquished.

Grand Total: 1787 creatures vanquished

Notes
Turn   | Place    | Note
-------+----------+-------------------------------------------
     0 | D:1      | HoaS the Gargoyle Fighter began the quest for the Orb.
     0 | D:1      | Reached XP level 1. HP: 14/14 MP: 1/1
   394 | D:1      | Reached XP level 2. HP: 16/19 MP: 2/2
  1107 | D:2      | Reached XP level 3. HP: 23/23 MP: 3/3
  1219 | D:2      | Found a shadowy altar of Dithmenos.
  1575 | D:2      | Reached skill level 4 in Shields
  1585 | D:2      | Reached XP level 4. HP: 27/28 MP: 4/4
  1787 | D:3      | Noticed Terence
  1810 | D:3      | Killed Terence
  1896 | D:3      | Reached XP level 5. HP: 13/32 MP: 5/5
  2106 | D:3      | Found a bloodstained altar of Trog.
  2302 | D:3      | Found an opulent altar of Gozag.
  2303 | D:3      | Found a snail-covered altar of Cheibriados.
  2613 | D:4      | Found a blossoming altar of Fedhas.
  2722 | D:4      | Found a shimmering blue altar of Sif Muna.
  2750 | D:4      | Reached skill level 5 in Maces & Flails
  2975 | D:4      | Reached XP level 6. HP: 34/37 MP: 6/6
  3038 | D:4      | Noticed Robin
  3044 | D:4      | Killed Robin
  3044 | D:4      | Reached skill level 5 in Shields
  3358 | D:4      | Found a stormy altar of Qazlal.
  3438 | D:4      | Reached XP level 7. HP: 41/41 MP: 7/7
  3880 | D:5      | Entered Level 5 of the Dungeon
  4007 | D:5      | Reached skill level 6 in Shields
  4052 | D:5      | Noticed Ijyb
  4065 | D:5      | Killed Ijyb
  4095 | D:5      | Reached XP level 8. HP: 26/46 MP: 3/8
  4221 | D:5      | Found a staircase to the Ecumenical Temple.
  4233 | Temple   | Entered the Ecumenical Temple
  4677 | D:6      | Noticed Maggie
  4692 | D:6      | Noticed Eustachio
  4711 | D:5      | Killed Maggie
  4711 | D:5      | Reached skill level 7 in Shields
  4812 | D:5      | Killed Eustachio
  4955 | D:6      | Found an iron altar of Okawaru.
  4991 | D:6      | Reached XP level 9. HP: 49/51 MP: 9/9
  5003 | D:6      | Reached skill level 8 in Shields
  5007 | D:6      | Found a sparkling altar of Nemelex Xobeh.
  5276 | D:6      | Found a glowing silver altar of Zin.
  5410 | D:7      | Noticed Joseph
  5418 | D:7      | Killed Joseph
  5418 | D:7      | Reached skill level 10 in Maces & Flails
  5511 | D:7      | Noticed Duvessa
  5512 | D:7      | Noticed Dowan
  5522 | D:7      | Killed Duvessa
  5550 | D:7      | Killed Dowan
  5632 | D:7      | Reached skill level 9 in Shields
  5876 | D:7      | Reached XP level 10. HP: 51/56 MP: 10/10
  5958 | D:7      | Noticed Pikel
  5959 | D:7      | Upgraded the game from 0.26-a0-812-g31a745ddcd to
                  | 0.26-a0-1035-g76280ab330
  5959 | D:7      | Upgraded the game from 0.26-a0-1035-g76280ab330 to
                  | 0.26-a0-1053-gaff5f71418
  5994 | D:7      | Killed Pikel
  6216 | D:7      | Noticed a manticore
  6216 | D:7      | Noticed a skeletal warrior
  6232 | D:7      | Killed a skeletal warrior
  6233 | D:7      | Reached skill level 10 in Shields
  6237 | D:7      | Killed a manticore
  6572 | D:8      | Found a sand-covered staircase.
  6581 | Ossuary  | Entered an ossuary
  6877 | D:8      | Found an ornate altar of the Wu Jian Council.
  6964 | D:8      | Reached XP level 11. HP: 60/60 MP: 11/11
  7182 | D:8      | Found a shimmering altar of Xom.
  7183 | D:8      | Found a burning altar of Makhleb.
  7217 | D:8      | Became a worshipper of Makhleb the Destroyer
  7764 | D:9      | Reached skill level 11 in Shields
  8206 | D:9      | Found a radiant altar of Vehumet.
  8430 | D:10     | Entered Level 10 of the Dungeon
  8430 | D:10     | Noticed Fannar
  8454 | D:10     | Killed Fannar
  8458 | D:10     | Noticed Gastronok
  8467 | D:10     | Noticed MoonlitKnight's ghost (journeyman MfGl)
  8467 | D:10     | Noticed a brown ugly thing
  8468 | D:10     | Found a runed translucent gate.
  8472 | D:10     | Found a runed translucent gate.
  8472 | D:10     | Found a runed translucent gate.
  8572 | D:10     | Killed Gastronok
  8642 | D:10     | Reached * piety under Makhleb
  8746 | D:10     | Noticed a manticore
  8756 | D:10     | Killed a manticore
  8953 | D:10     | Found a staircase to the Lair.
  9739 | Lair:1   | Entered Level 1 of the Lair of Beasts
  9796 | Lair:1   | Reached skill level 12 in Shields
 10040 | Lair:1   | Reached XP level 12. HP: 64/64 MP: 12/12
 10474 | Lair:1   | Reached skill level 15 in Maces & Flails
 10478 | Lair:1   | Reached ** piety under Makhleb
 11781 | Lair:2   | You fall into a shaft and drop 1 floor!
 11796 | Lair:3   | Found a dark tunnel.
 11803 | Volcano  | Entered a volcano
 11859 | Volcano  | Noticed a hell knight
 11867 | Volcano  | Killed a hell knight
 11982 | Volcano  | Noticed a centaur warrior
 11988 | Volcano  | Killed a centaur warrior
 11992 | Volcano  | Reached *** piety under Makhleb
 12002 | Volcano  | Reached skill level 13 in Shields
 12254 | Lair:2   | Noticed a four-headed hydra
 12262 | Lair:2   | Killed a four-headed hydra
 12496 | Lair:3   | Found a hole to the Spider Nest.
 12593 | Lair:3   | Noticed a seven-headed hydra
 12611 | Lair:3   | Killed a seven-headed hydra
 12616 | Lair:3   | Reached skill level 14 in Shields
 12617 | Lair:3   | Noticed a five-headed hydra
 12636 | Lair:3   | Killed a five-headed hydra
 12659 | Lair:3   | Reached XP level 13. HP: 68/68 MP: 9/13
 12666 | Lair:3   | Found a staircase to the Swamp.
 13011 | Lair:3   | Reached skill level 15 in Shields
 13168 | Lair:3   | Reached **** piety under Makhleb
 13348 | Lair:4   | Reached skill level 1 in Dodging
 13830 | Lair:4   | Found a broken altar of Ashenzari.
 14386 | Lair:5   | Found a staircase to the Slime Pits.
 14505 | Lair:5   | Reached ***** piety under Makhleb
 14580 | Lair:5   | Reached skill level 5 in Fighting
 14700 | Lair:5   | Reached skill level 16 in Shields
 15026 | Lair:5   | Gained mutation: Your large and strong wings let you fly
                  | indefinitely. [Gargoyle growth]
 15026 | Lair:5   | Reached XP level 14. HP: 80/80 MP: 14/14
 15176 | Lair:6   | Entered Level 6 of the Lair of Beasts
 15363 | Lair:6   | Reached skill level 17 in Shields
 15763 | Lair:6   | Noticed a dire elephant
 15781 | Lair:6   | Killed a dire elephant
 15973 | Lair:6   | Found the +4 moon troll leather armour {Spirit, Regen++
                  | MP+5}
 16022 | Lair:6   | Reached skill level 18 in Shields
 16035 | Lair:6   | Got a transparent garnet amulet
 16047 | Lair:6   | Identified the amulet "Nehol" {Faith SInv} (You found it on
                  | level 6 of the Lair of Beasts)
 16331 | D:10     | Killed MoonlitKnight's ghost
 16422 | D:11     | Noticed Josephine
 16445 | D:11     | Killed Josephine
 16459 | D:11     | Reached ****** piety under Makhleb
 16565 | D:11     | Noticed Harold
 16581 | D:11     | Killed Harold
 16585 | D:11     | Noticed Snorg
 16596 | D:11     | Killed Snorg
 16942 | D:11     | Reached XP level 15. HP: 92/92 MP: 15/15
 16976 | D:11     | Found a staircase to the Orcish Mines.
 17134 | D:12     | Noticed Maurice
 17143 | D:12     | Killed Maurice
 17420 | D:12     | Noticed Psyche
 17429 | D:12     | Killed Psyche
 17430 | D:12     | Reached skill level 10 in Fighting
 18168 | Orc:1    | Entered Level 1 of the Orcish Mines
 18225 | Orc:1    | Noticed Sonja
 18257 | Orc:1    | Killed Sonja
 18374 | Orc:1    | Identified the cursed +0 broad axe "Newtbane" {distort,
                  | Will+ Dex+5}
 18374 | Orc:1    | Noticed an orc warlord
 18405 | Orc:1    | Found a transporter.
 18479 | Orc:1    | Found a transporter.
 18480 | Orc:1    | Noticed Noergh's ghost (journeyman DsGl)
 18702 | Orc:2    | Entered Level 2 of the Orcish Mines
 18749 | Orc:2    | Noticed an orc warlord
 18777 | Orc:2    | Reached skill level 19 in Shields
 18795 | Orc:2    | Killed an orc warlord
 19191 | Orc:2    | Found a staircase to the Elven Halls.
 19282 | Orc:2    | Found Geff's Distillery.
 19282 | Orc:2    | Found Isakhigg's General Store.
 19282 | Orc:2    | Found Hestroysk's Jewellery Shoppe.
 19298 | Orc:2    | Found Emegoor's Magic Scroll Boutique.
 19385 | Orc:2    | Bought an uncursed amulet of reflection for 330 gold pieces
 19664 | Orc:2    | Bought a potion of might for 56 gold pieces
 19664 | Orc:2    | Bought a potion of mutation for 112 gold pieces
 19664 | Orc:2    | Bought a potion of haste for 140 gold pieces
 19664 | Orc:2    | Bought a potion of heal wounds for 70 gold pieces
 19668 | Orc:2    | Bought a scroll of teleportation for 39 gold pieces
 19668 | Orc:2    | Bought a scroll of teleportation for 39 gold pieces
 19673 | Orc:2    | Bought a +4 ring of protection for 396 gold pieces
 19673 | Orc:2    | Bought an uncursed ring of resist corrosion for 220 gold
                  | pieces
 20694 | D:14     | Got a heavily runed scale mail
 20732 | D:14     | Found a transporter.
 20743 | D:14     | Identified the cursed +1 scale mail of Gesk {Rampage rElec
                  | rC+} (You found it on level 14 of the Dungeon)
 20755 | D:14     | Noticed Nessos
 20760 | D:14     | Killed Nessos
 20761 | D:14     | Found Bati Ceesu's Book Emporium.
 20794 | D:14     | Found a gate to the Vaults.
 20890 | D:14     | Reached skill level 20 in Shields
 20944 | D:14     | Found a transporter.
 20947 | D:14     | Found a gate leading to a gauntlet.
 20956 | Gauntlet | Entered a Gauntlet
 20956 | Gauntlet | Found a transporter.
 20970 | Gauntlet | Found a transporter.
 20971 | Gauntlet | Found a transporter.
 20971 | Gauntlet | Found a transporter.
 20982 | Gauntlet | Found a transporter.
 20982 | Gauntlet | Found a transporter.
 20983 | Gauntlet | Found a transporter.
 20994 | Gauntlet | Found a transporter.
 20995 | Gauntlet | Found a transporter.
 20995 | Gauntlet | Found a transporter.
 21003 | Gauntlet | Found a transporter.
 21006 | Gauntlet | Found a transporter.
 21007 | Gauntlet | Found a transporter.
 21015 | Gauntlet | Found a transporter.
 21297 | Gauntlet | Identified the cursed +1 hand crossbow of Ikaupn {flame,
                  | rC+}
 21439 | D:14     | Identified a scroll of acquirement
 21439 | D:14     | Acquired 716 gold pieces
 22013 | D:15     | Entered Level 15 of the Dungeon
 22028 | D:15     | Noticed Rupert
 22051 | D:15     | Killed Rupert
 22052 | D:15     | Reached XP level 16. HP: 79/101 MP: 16/16
 22178 | D:15     | Found a hide-covered altar of Uskayaw.
 22342 | D:15     | Paralysed by a floating eye for 4 turns
 22360 | D:15     | Found a staircase to the Depths.
 22735 | D:14     | Got an ancient lapis lazuli ring
 22745 | D:14     | Identified the ring "Kodd" {rF+ Str+9 Stlth-} (You found it
                  | on level 14 of the Dungeon)
 22917 | Lair:1   | Identified the Volume of Displacement and Curses
 23132 | Orc:1    | Killed Noergh's ghost
 23171 | Orc:1    | Found a one-way gate to the infinite horrors of the Abyss.
 23400 | Swamp:1  | Entered Level 1 of the Swamp
 23710 | Swamp:1  | Reached skill level 21 in Shields
 23722 | Swamp:1  | Noticed Donald
 23740 | Swamp:1  | Killed Donald
 23915 | Swamp:2  | Noticed a fenstrider witch
 23926 | Swamp:2  | Paralysed by a fenstrider witch for 4 turns
 23931 | Swamp:2  | Killed a fenstrider witch
 24761 | Swamp:3  | Noticed a thorn hunter
 24779 | Swamp:3  | Killed a thorn hunter
 24788 | Swamp:3  | Reached XP level 17. HP: 109/109 MP: 17/17
 24995 | Swamp:4  | Entered Level 4 of the Swamp
 25072 | Swamp:4  | Reached skill level 22 in Shields
 25818 | Swamp:4  | Noticed the 27-headed Lernaean hydra
 25828 | Swamp:4  | Killed the 27-headed Lernaean hydra
 25839 | Swamp:4  | Got a decaying rune of Zot
 26364 | Spider:1 | Entered Level 1 of the Spider Nest
 26818 | Spider:1 | Noticed Nikola
 26832 | Spider:1 | Killed Nikola
 26833 | Spider:1 | Reached skill level 23 in Shields
 27680 | Spider:2 | Reached skill level 15 in Fighting
 27716 | Spider:2 | Reached XP level 18. HP: 119/119 MP: 18/18
 28848 | Spider:4 | Entered Level 4 of the Spider Nest
 28848 | Spider:4 | Found a frozen archway.
 28884 | IceCv    | Entered an ice cave
 29112 | IceCv    | Identified Roukkue's Reference Book on Flight and Creation
 29390 | Spider:4 | Found a runed translucent door.
 29390 | Spider:4 | Found a shimmering altar of Xom.
 29390 | Spider:4 | Noticed Dirphotyiz's ghost (journeyman DrIE)
 29399 | Spider:4 | Acquired a +2 vorpal eveningstar
 29549 | Spider:4 | Reached skill level 24 in Shields
 29833 | Spider:4 | Got a gossamer rune of Zot
 30253 | Spider:4 | Killed Dirphotyiz's ghost
 30496 | Vaults:1 | Entered Level 1 of the Vaults
 30610 | Vaults:1 | Reached XP level 19. HP: 125/125 MP: 19/19
 30644 | Vaults:1 | Reached skill level 25 in Shields
 30712 | Vaults:1 | Found Zuegh's General Store.
 30771 | Vaults:1 | Reached skill level 5 in Armour
 31500 | Vaults:1 | Reached skill level 5 in Dodging
 31992 | Vaults:2 | Noticed Boris
 32012 | Vaults:2 | Killed Boris
 32256 | Vaults:2 | Reached XP level 20. HP: 131/131 MP: 20/20
 32383 | Vaults:2 | Reached skill level 10 in Armour
 32991 | Vaults:2 | Identified Rewn's Guide on the Rocks
 33220 | Vaults:2 | Noticed Mennas
 33291 | Vaults:2 | Killed Mennas
 33417 | Vaults:3 | Noticed Asterion
 33431 | Vaults:3 | Killed Asterion
 33804 | Vaults:3 | Reached skill level 10 in Dodging
 33881 | Vaults:3 | Reached XP level 21. HP: 136/136 MP: 21/21
 34641 | Vaults:3 | Found a staircase to the Crypt.
 34735 | Vaults:3 | Found Qumuntio's Jewellery Shoppe.
 35026 | Vaults:4 | Found a ruined gateway.
 35065 | Desolati | Entered the Desolation of Salt
 35066 | Desolati | Upgraded the game from 0.26-a0-1053-gaff5f71418 to
                  | 0.26-a0-1060-g086102a3f0
 35261 | Desolati | Reached skill level 15 in Armour
 35406 | Desolati | Identified Xillay's Disquisition on Flamy Transmutation
 35419 | Desolati | Got a warped helmet
 35420 | Desolati | Identified the +0 helmet "Tod Wirgh" {+Fly Will+ Regen+
                  | Str-2} (You found it in the Desolation of Salt)
 35434 | Desolati | Got a serpentine iron ring
 35435 | Desolati | Identified the ring "Yhiubrul" {rF+ Stlth+} (You found it
                  | in the Desolation of Salt)
 35443 | Desolati | Got an encrusted chain mail
 35444 | Desolati | Identified the +4 chain mail of the Engineer {rF+ rC+ Str-3
                  | Int+4} (You found it in the Desolation of Salt)
 35638 | Desolati | Identified the Compendium of the Harmful Oath
 35644 | Desolati | Got a bloodstained scale mail
 35645 | Desolati | Identified the cursed +0 scale mail of Courage {rF+} (You
                  | found it in the Desolation of Salt)
 35800 | Desolati | Found the +4 robe of Augmentation {Str+4 Int+4 Dex+4}
 35837 | Desolati | Identified Xifanyxae's Reference Book on Damaging Lightness
 35850 | Desolati | Identified the Guide on Dislocated Envenoming
 36094 | Vaults:4 | Reached XP level 22. HP: 119/142 MP: 22/22
 36614 | Vaults:4 | Found a huge runed gate.
 36614 | Vaults:4 | Found a huge runed gate.
 36614 | Vaults:4 | Found a huge runed gate.
 36614 | Vaults:4 | Found a huge runed gate.
 36615 | Vaults:4 | Found a huge runed gate.
 36749 | Vaults:4 | Found a huge runed gate.
 36749 | Vaults:4 | Found a huge runed gate.
 36750 | Vaults:4 | Found a huge runed gate.
 36751 | Vaults:4 | Found a huge runed gate.
 36752 | Vaults:4 | Found a huge runed gate.
 36753 | Vaults:4 | Found a huge runed gate.
 36776 | Vaults:4 | Found a huge runed gate.
 36776 | Vaults:4 | Found a huge runed gate.
 36776 | Vaults:4 | Found a huge runed gate.
 36778 | Vaults:4 | Found a huge runed gate.
 36778 | Vaults:4 | Found a huge runed gate.
 36778 | Vaults:4 | Found a huge runed gate.
 36778 | Vaults:4 | Found a huge runed gate.
 36778 | Vaults:4 | Found a huge runed gate.
 36779 | Vaults:4 | Found a huge runed gate.
 36780 | Vaults:4 | Found a huge runed gate.
 36781 | Vaults:4 | Found a huge runed gate.
 36782 | Vaults:4 | Found a huge runed gate.
 36790 | Vaults:4 | Found a huge runed gate.
 36790 | Vaults:4 | Found a huge runed gate.
 36790 | Vaults:4 | Found a huge runed gate.
 36792 | Vaults:4 | Found a huge runed gate.
 36800 | Vaults:4 | Found a huge runed gate.
 36800 | Vaults:4 | Found a huge runed gate.
 36800 | Vaults:4 | Found a huge runed gate.
 36800 | Vaults:4 | Found a huge runed gate.
 36800 | Vaults:4 | Found a huge runed gate.
 36800 | Vaults:4 | Found a huge runed gate.
 36800 | Vaults:4 | Found a huge runed gate.
 36801 | Vaults:4 | Found a huge runed gate.
 36802 | Vaults:4 | Found a huge runed gate.
 36861 | Vaults:4 | Noticed an ancient lich
 36868 | Vaults:4 | Killed an ancient lich
 37124 | Vaults:4 | Found Lalokhilon's Armour Shop.
 37410 | Depths:1 | Entered Level 1 of the Depths
 37600 | Depths:1 | Found a gateway to a ziggurat.
 37738 | Depths:1 | Reached skill level 15 in Dodging
 37781 | Depths:1 | Found a gateway to Hell.
 38012 | Depths:1 | Killed from afar by a frost giant

Illustrated notes

Levels and vault maps discovered:
D:1:      erik_arrival_cave_to_civilisation [erik_arrival_cave_to_hall],
          layout_basic, serial_glass, glass_columns_a, glass_columns_a,
          hangedman_decor_clover_reticule
D:2:      layout_basic, nicolae_dithmenos_shadow_blocks
D:3:      layout_loops_ring, gammafunk_temple_overflow_pools, bloody_trog,
          uniq_terence
D:4:      wad_river_or_something, layout_basic, led_sif_book,
          kennysheep_mini_moat, grunt_decor_junction, fedhas_altar_2, uniq_robin
D:5:      layout_cave_pools, minmay_temple_entry_ruins, uniq_ijyb
D:6:      layout_cave_pools, nemelex_xobeh_ov_fountains_minmay,
          kennysheep_little_box, lemuel_coloured_pillars_altar,
          minmay_mini_ossuary, uniq_maggie, uniq_eustachio
D:7:      minmay_the_grid_triangle_9x9_recursive_2
          [minmay_the_grid_triangle_9x9_prize_schism,
          minmay_the_grid_triangle_9x9_longest,
          minmay_the_grid_triangle_9x9_odd_lines,
          minmay_the_grid_triangle_9x9_warning], layout_loops_ring, uniq_pikel,
          uniq_duvessa, uniq_joseph
D:8:      layout_gridville, grunt_temple_overflow_champion_of_chaos,
          old_standard_altar, nicolae_ossuary_entry_catacombs, serial_rivers,
          chequers_serial_rivers_micro_c, chequers_serial_rivers_small_3,
          chequers_serial_rivers_micro_b, chequers_serial_rivers_large_b,
          chequers_serial_rivers_micro_d
D:9:      layout_gridville, marbit_many_paths, kennysheep_generic_room_14
D:10:     layout_layer_cave, david_lair_generic, gammafunk_ghost_split,
          minmay_misc_feat_ornament, uniq_fannar, uniq_gastronok
D:11:     layout_loops_ring, orc_0_dummy, nicolae_lava_and_water,
          uniq_josephine, uniq_harold, uniq_snorg
D:12:     layout_stronghold, uniq_psyche, uniq_maurice
D:13:     layout_basic
D:14:     gammafunk_worm_tunnel, layout_basic, erik_vaults_2, hex_intersection,
          gauntlet_entry_generic, serial_shops, nicolae_shop_behind_doors,
          uniq_nessos
D:15:     gammafunk_enter_depths_forms, layout_rooms, lemuel_doored_altar,
          uniq_rupert
Temple:   jpeg_temple_island
Lair:1:   layout_loops_ring, infiniplex_staircase_pool,
          minmay_lair_oklob_chamber, lemuel_fruit_tree, serial_bayou_shore_b
Lair:2:   lemuel_ratsnest, layout_gridlike
Lair:3:   layout_big_grid, palyth_hydra_swamp_entry,
          nicolae_spider_entry_tight_spaces, nicolae_volcano_entry_two_sided,
          serial_bayou_shore_b
Lair:4:   layout_cave_shapes, basic_altar
Lair:5:   layout_gridlike, minmay_slime_entry_jelly_boxes, lemuel_fruit_fields
Lair:6:   gammafunk_lair_ancient_temple, layout_loops_ring,
          infiniplex_staircase_pool_2
Swamp:1:  layout_basic_swamp, nicolae_swamp_orc_logging_accident, swamp_pool5,
          uniq_donald
Swamp:2:  layout_basic_swamp, evilmike_swamp_ruin_house_3
Swamp:3:  layout_basic_swamp, nicolae_swamp_little_tower, swamp_pool5
Swamp:4:  grunt_swamp_rune_castle, layout_basic_swamp,
          nicolae_swamp_necromancer_hut
Spider:1: layout_spider_delve, uniq_nikola
Spider:2: layout_spider_delve, drop_trap, hangedman_spider_tarantella_strand
Spider:3: layout_spider_delve, hangedman_spider_mandibles
Spider:4: grunt_spider_rune_circles, portal_ice_cave_entry_ice_statue_two,
          ebering_ghost_xom, nicolae_crawler_farm
Orc:1:    layout_caves, gammafunk_ghost_abyssal_escape, rock_pile, uniq_sonja
Orc:2:    st_orc_rangers, layout_caves, nicolae_orc_sculptors_studio
Vaults:1: vaults_room_door_ring, v_pattern_3, vaults_room_pool, v_misc_24,
          nicolae_vaults_puzzle_piece, dpeg_vaults_monster_box,
          nicolae_vaults_little_squares_6, nicolae_vaults_little_squares_4,
          v_misc_1, dpeg_vaults_monster_row, nicolae_vaults_gold_heap,
          nicolae_vaults_asterisk, ontoclasm_vaults_twist,
          ontoclasm_vaults_pinch, layout_vaults_omnicross, serial_shops, shop
Vaults:2: nicolae_vaults_minivaults, hangedman_vaults_locks, grunt_vaults_focal,
          vaults_room_fours, vaults_mumra_hexcomb, hangedman_vaults_cutoff,
          vaults_mumra_minichess, v_alt_pattern_1, ontoclasm_vaults_shuriken,
          vaults_room_large_hall, nicolae_vaults_windows_and_doors_thing,
          layout_vaults_big_room, uniq_boris, uniq_mennas
Vaults:3: st_octagons_2, grunt_vaults_swirl, vaults_room_grunt_arrival_ludios,
          v_alt_pattern_2, minmay_crypt_entry_simple_statues,
          nicolae_vaults_triangles, vaults_dpeg_doors,
          vaults_mumra_chevron_long, nicolae_vaults_alarming,
          nicolae_vaults_circle_grid_a, ontoclasm_vaults_eye,
          layout_vaults_omnibox, serial_shops,
          nicolae_shop_temple_entry_statues_fountains, uniq_margery,
          uniq_asterion
Vaults:4: vaults_room_pool, vaults_room_stairs_pillars, hangedman_vaults_hat,
          vaults_room_fours, vaults_mumra_minichess_inversion,
          vaults_door_vault, vaults_mumra_hex, vaults_room_fours,
          layout_vaults_omnigrid, serial_shops, shop,
          portal_desolation_entry_nicolae_nacl
Depths:1: layout_long_grid, enter_ziggurat_e, kennysheep_decorative_pillar,
          hangedman_coc_ice_floe, pan_entry, minivault_16,
          kennysheep_small_square

Skill      XL: |  1  2  3  4  5  6  7  8  9 10 11 12 13 14 15 16 17 18 19 20 21 22 |
---------------+-------------------------------------------------------------------+-----
Maces & Flails | 3 4 5 6 7 9 11 13 14 16 | 16.0
Shields        | 4 5 6 7 9 10 12 14 16 18 20 21 23 24 25 | 25.0
Dodging        | 1 7 10 12 15 | 15.1
Fighting       | 6 9 11 13 15 16 | 16.0
Armour         | 4 9 13 15 16 | 16.0

Action                   |  1- 3 |  4- 6 |  7- 9 | 10-12 | 13-15 | 16-18 | 19-21 | 22-24 || total
-------------------------+-------+-------+-------+-------+-------+-------+-------+-------++-------
Melee: Flail             |   131 |   203 |   113 |       |       |       |       |       ||   447
       Morningstar       |       |       |   253 |   863 |       |       |       |       ||  1116
       Demon whip        |       |       |       |    99 |  1620 |  1193 |       |       ||  2912
       Eveningstar       |       |       |       |       |       |   320 |  1579 |   476 ||  2375
 Abil: Fly               |       |       |       |       |     1 |       |       |       ||     1
Evoke: Wand              |       |       |       |     2 |       |     1 |       |     1 ||     4
       Phantom mirror    |       |       |       |     1 |       |       |       |       ||     1
  Use: Scroll            |     6 |     8 |     6 |    14 |    14 |    11 |     6 |     2 ||    67
       Potion            |       |       |     2 |     3 |     4 |     8 |     4 |       ||    21
 Stab: Distracted        |       |       |       |       |     1 |       |       |       ||     1
Armor: Scale mail        |    58 |    30 |       |       |       |       |       |       ||    88
       Plate armour      |       |    75 |   239 |   494 |   232 |       |       |       ||  1040
       Troll leather arm |       |       |       |       |   147 |       |       |       ||   147
       Pearl dragon scal |       |       |       |       |    13 |   786 |   330 |    92 ||  1221
Dodge: Dodged            |    46 |    41 |    55 |   151 |   186 |   316 |   273 |   131 ||  1199
Block: Kite shield       |    67 |   105 |   230 |   588 |    84 |       |       |       ||  1074
       Tower shield      |       |       |       |       |  1096 |  1769 |  1798 |   594 ||  5257
       Reflection        |       |       |       |       |    16 |    36 |   112 |    64 ||   228

Table legend: (Time is in decaauts)
 A = Elapsed time spent in this place.
 B = Non-inter-level travel time spent in this place.
 C = Inter-level travel time spent in this place.
 D = Time resting spent in this place.
 E = Time spent auto-exploring this place.
 F = Levels seen in this place.
 G = Mean time per level.
                   A        B        C        D        E       F      G
               +--------+--------+--------+--------+--------+-----+--------+
         Total |  36190 |  33543 |   2647 |   2564 |  21532 |  42 |  861.7 |
       Dungeon |  13965 |  12913 |   1052 |    928 |   8789 |  15 |  931.0 |
        Temple |    251 |    246 |      5 |      0 |    244 |   1 |  251.0 |
          Lair |   6190 |   5484 |    706 |    720 |   3419 |   6 | 1031.7 |
         Swamp |   2759 |   2548 |    211 |    365 |   1519 |   4 |  689.8 |
   Spider Nest |   3440 |   3272 |    168 |     88 |   2422 |   4 |  860.0 |
  Orcish Mines |   1713 |   1520 |    193 |     19 |    979 |   2 |  856.5 |
        Vaults |   5459 |   5148 |    311 |    375 |   3011 |   4 | 1364.8 |
        Depths |    507 |    507 |      0 |      0 |    302 |   1 |  507.0 |
       Ossuary |    174 |    174 |      0 |      0 |    103 |   1 |  174.0 |
      Ice Cave |    224 |    224 |      0 |      0 |     29 |   1 |  224.0 |
       Volcano |    255 |    255 |      0 |     66 |    102 |   1 |  255.0 |
    Desolation |    858 |    858 |      0 |      3 |    426 |   1 |  858.0 |
      Gauntlet |    391 |    391 |      0 |      0 |    185 |   1 |  391.0 |
               +--------+--------+--------+--------+--------+-----+--------+

Top non-repeatable levels by time:
  Lair:1: 1539 daAuts
Vaults:3: 1469 daAuts
    D:10: 1420 daAuts
Vaults:1: 1402 daAuts
     D:4: 1314 daAuts
Vaults:2: 1304 daAuts
Vaults:4: 1283 daAuts
 Swamp:4: 1188 daAuts
  Lair:4: 1107 daAuts
     D:1: 1088 daAuts
  Lair:2: 1070 daAuts
Spider:4: 1047 daAuts
Spider:1: 1031 daAuts
    D:14: 1013 daAuts
    D:12: 1010 daAuts
